 Dungeon Crawl Stone Soup version 0.17.1-1-g73c8601 (webtiles) character file.

147 Glider the Cudgeler (level 5, -3/32 HPs)
             Began as a Gargoyle Fighter on Dec 22, 2015.
             Killed by divine providence
             ... invoked by an orc priest
              (14 damage)
             ... on level 2 of the Dungeon.
             The game lasted 00:06:16 (2169 turns).

Glider the Cudgeler (Gargoyle Fighter)              Turns: 2169, Time: 00:06:16

Health: -3/32      AC: 10    Str: 20    XL:     5   Next: 29%
Magic:  5/5        EV:  7    Int:  9    God:
Gold:   152        SH: 10    Dex:  9    Spells: 0 memorised, 4 levels left

rFire  . . .     SeeInvis .     a - +1 flail
rCold  . . .     Clarity  .     b - +0 scale mail
rNeg   + . .     SustAt   .     c - +1 shield
rPois  ∞         Gourm    .     (no helmet)
rElec  +         Spirit   .     (no cloak)
rCorr  .         Warding  .     (no gloves)
rMut   .         Stasis   .     (no boots)
MR     .....                    o - amulet of inaccuracy (curse)
Stlth  ..........               (no ring)
                                (no ring)

@: not resistant to hostile enchantments, extremely unstealthy
A: negative energy resistance 1, electricity resistance, unbreathing,
petrification resistance, rot immunity, AC +4
a: no special abilities


You were on level 2 of the Dungeon.
You were hungry.

You visited 1 branch of the dungeon, and saw 3 of its levels.

You collected 152 gold pieces.

Inventory:

Hand Weapons
 a - a +1 flail (weapon)
Armour
 b - a +0 scale mail (worn)
 c - a +1 shield (worn)
Jewellery
 o - a cursed amulet of inaccuracy (around neck)
Scrolls
 h - a scroll of identify
 j - 2 scrolls of teleportation
Potions
 d - a potion of might
 g - a potion of agility {unknown}
 k - a potion of curing
 l - a potion of ambrosia {unknown}
 m - a potion of haste {unknown}
 n - 2 potions of cancellation {unknown}
 r - a potion of flight {unknown}
Books
 q - a book of the Sky

   Spells                             Type                      Level
   a - Summon Lightning Spire         Summoning/Air                4
   b - Airstrike                      Air                          4
   c - Silence                        Hexes/Air                    5
   d - Deflect Missiles               Charms/Air                   6
   e - Conjure Ball Lightning         Conjuration/Air              6
   f - Tornado                        Air                          9
Comestibles
 e - a bread ration
 p - 4 meat rations
 s - 4 chunks of flesh


   Skills:
 - Level 3.2 Fighting
 * Level 5.3 Maces & Flails
 - Level 3.2 Armour
 - Level 3.2 Shields


You had 4 spell levels left.
You didn't know any spells.

Dungeon Overview and Level Annotations

Branches:
Dungeon (3/15)

Altars:
Fedhas

Annotations:
D:3 Sigmund


Innate Abilities, Weirdness & Mutations

You are resistant to torment.
Your stone body is resilient (AC +4).
You are immune to poison.
You resist negative energy.
You are resistant to electric shocks.
You can survive without breathing.
You are immune to petrification.
You are immune to rotting.


Message History

* * * LOW HITPOINT WARNING * * *
Sigmund hits you from afar with a scythe.
* * * LOW HITPOINT WARNING * * *
The orc priest casts a cantrip, but nothing happens.
You climb upwards.
There is a stone staircase leading down here.
Your shield prevents you from hitting the orc priest.
The orc hits you with a short sword.
* * * LOW HITPOINT WARNING * * *
The orc priest looks braver for a moment.
You hit the orc priest but do no damage.
The orc hits you but does no damage. The orc priest barely misses you.
You block the orc's attack.
Drink which item? (? for menu, Esc to quit)
You feel better. You block the orc priest's attack.
The orc hits you but does no damage.
You barely miss the orc priest.
The orc priest mumbles some strange prayers to Beogh against you.
Something smites you!
You die...

### ##.## ..# ##.#.### #.#
#.###..############ #.#
##.#.#............# #.#
###.#############.# #.#
#........########.### #.#
#.#.................#
..######.#.#########.###.#.##
####...........o@o...# #....##
####....#....#######.# #..<..##
..##.###.#.#.# ##.###......#
..##...###.#.######...##....<.#
...........#.#..............#.#
................###...#######.#
.........#...#.#.###.########.#
..).[....#...#.##.##.......##.#
..#.....##...[.......#####.##.#


You could see an orc priest and an orc.

Vanquished Creatures
  Terence (D:2)
  5 adders
  2 oozes
  3 worms
  2 ball pythons
  7 giant cockroaches
  10 goblins
  3 hobgoblins
  5 kobolds
  A quokka (D:2)
  7 bats
  4 giant geckos
  4 giant newts
  5 rats
59 creatures vanquished.

Vanquished Creatures (others)
  A plant (D:3)
1 creature vanquished.

Grand Total: 60 creatures vanquished

Notes
Turn   | Place    | Note
--------------------------------------------------------------
     0 | D:1      | Glider the Gargoyle Fighter began the quest for the Orb.
     0 | D:1      | Reached XP level 1. HP: 14/14 MP: 1/1
     2 | D:1      | Noticed an electric eel
    42 | D:1      | Reached XP level 2. HP: 19/19 MP: 2/2
   842 | D:2      | Noticed Terence
   843 | D:2      | Reached XP level 3. HP: 23/23 MP: 3/3
   861 | D:2      | Killed Terence
   861 | D:2      | Reached skill level 4 in Maces & Flails
   861 | D:2      | Reached XP level 4. HP: 18/28 MP: 4/4
  1621 | D:3      | Noticed Sigmund
  1822 | D:3      | Found a blossoming altar of Fedhas.
  1845 | D:3      | Reached skill level 5 in Maces & Flails
  1874 | D:3      | Reached XP level 5. HP: 32/32 MP: 5/5
  2169 | D:2      | Killed from afar by an orc priest

Action                   |  1- 3 |  4- 6 || total
-------------------------+-------+-------++-------
Melee: Flail             |    88 |   172 ||   260
  Use: Scroll            |       |     5 ||     5
       Potion            |       |     1 ||     1
  Eat: Chunk             |       |     4 ||     4
